 Dungeon Crawl Stone Soup version 0.29.0-13-gc9e81de378 (webtiles) character file.

Game seed: 6203883131093101933

430 Ofeo the Shield-Bearer (level 6, -2/56 HPs)
             Began as a Minotaur Fighter on Sept 8, 2022.
             Killed from afar by Dowan (11 damage)
             ... with a stone arrow
             ... on level 5 of the Dungeon.
             The game lasted 00:02:55 (2498 turns).

Ofeo the Shield-Bearer (Minotaur Fighter)           Turns: 2498, Time: 00:02:56

Health: -2/56      AC:  8    Str: 22 (23) XL:     6   Next: 66%
Magic:  5/5        EV: 11    Int:  2 (5)  God:
Gold:   176        SH:  4    Dex:  7 (9)  Spells: 5/5 levels left

rFire   . . .      SeeInvis .   h - +2 hand axe (elec)
rCold   . . .      Faith    .   c - +0 buckler
rNeg    . . .      Spirit   .   q - +1 steam dragon scales
rPois   .          Reflect  .   (helmet restricted)
rElec   .          Harm     .   (no cloak)
rCorr   .          Rampage  .   (no gloves)
Will    .....                   l - +0 pair of boots
Stlth   +.........              (no amulet)
HPRegen 0.18/turn               (no ring)
MPRegen 0.09/turn               (no ring)

@: no status effects
A: horns 2, retaliatory headbutt
a: no special abilities


You were on level 5 of the Dungeon.
You visited 1 branch of the dungeon, and saw 5 of its levels.

You collected 176 gold pieces.

Inventory:

Hand Weapons
 a - a +0 war axe
 h - a +2 hand axe of electrocution (weapon)
Armour
 b - a +0 scale mail
 c - a +0 buckler (worn)
 g - a +0 chain mail
 l - a +0 pair of boots (worn)
 q - +1 steam dragon scales (worn)
Wands
 p - a wand of quicksilver (6)
Scrolls
 f - 3 scrolls of vulnerability {unknown}
 i - 4 scrolls of identify {unknown}
 j - a scroll of teleportation {@r3}
 n - a scroll of fog
 r - 3 scrolls of enchant weapon
Potions
 m - a potion of invisibility
 o - a potion of brilliance {unknown}


   Skills:
 + Level 5.5 Fighting
 + Level 4.7 Axes
 + Level 5.5 Armour
 + Level 5.5 Shields


You had 5 spell levels left.
You didn't know any spells.
Your spell library contained the following spells:

 Spells                   Type           Power      Damage    Failure   Level
 Magic Dart               Conj           0%         1d3       63%         1
 Ensorcelled Hibernation  Hex/Ice        0%         N/A       77%         2
 Passwall                 Tmut/Erth      0%         N/A       77%         2
 Searing Ray              Conj           0%         2d4       77%         2
 Swiftness                Air            0%         N/A       94%         3
 Fulminant Prism          Conj/Hex       0%         3d6       100%        4


Dungeon Overview and Level Annotations

Branches:
Dungeon (5/15)
 Temple: D:4-7

Altars:
Ashenzari
Wu Jian

Shops:
D:4 [

Annotations:
D:5 Dowan


Innate Abilities, Weirdness & Mutations

You have a pair of horns on your head.
You reflexively headbutt those who attack you in melee.


Message History

You hit Duvessa but do no damage.
Duvessa is almost dead.
Duvessa hits you but does no damage.
You hit Duvessa.
Duvessa is almost dead.
Duvessa hits you but does no damage.
You hit Duvessa. Lightning courses through Duvessa!
You kill Duvessa!
You hear a distant wail of despair.
You feel your strength returning.
You cannot move.
You start resting.
You hear the brisk hiss of a distant avalanche of sand.
Your transformation is almost over.
You regained 5 hp, and now have 11/84 hp.
You start resting.
Dowan, Brother of Duvessa comes into view.
He is wielding a +0 dagger, wearing a +2 robe of willpower and carrying a wand of digging (5).
Dowan is nearby!
You swing at nothing.
Dowan shouts!
Dowan seems to find hidden reserves of power!
Dowan casts a spell.
Dowan blinks!
You hear a zap.
You hear a grinding noise.
You swing at nothing.
You swing at nothing.
You swing at nothing.
Dowan zaps a wand.
Some rock shatters into small pieces.
You swing at nothing.
You swing at nothing.
You swing at nothing.
You feel less wooden.
Your +0 pair of boots unmelds from your body.
Your +1 steam dragon scales unmelds from your body.
You block Dowan's attack.
You now have 9/56 hp.
You slash Dowan!
Dowan is moderately wounded.
Dowan gestures at you while chanting. The stone arrow hits you!
You die...

#.....##########
#.....'........#
#.....########.#
#.........รท....####
####.#....#.......###
####
#.#.<..#.####....#
.....#..|...#. #....#
...........#.# #....#
..######.@#..# #....#
## #.e.....# #....###
# #..#.#### #.......
....... #....###
##....#.. ######
#...# ### .#..( ..(##


You could see Dowan (fast).

Vanquished Creatures
  Duvessa (D:5)
  An ogre (D:5)
  2 hounds (D:5)
  An iguana (D:5)
  A jelly (D:4)
  4 gnolls (D:2)
  2 adders (D:5)
  A worm (D:2)
  A dart slug (D:1)
  4 orcs
  4 ball pythons
  3 bats
  5 endoplasms
  4 giant cockroaches
  8 goblins
  8 hobgoblins
  4 kobolds
  3 quokkas
  A frilled lizard (D:1)
  3 rats
61 creatures vanquished.

Vanquished Creatures (others)
  A plant (D:1)
1 creature vanquished.

Grand Total: 62 creatures vanquished

Notes
Turn   | Place    | Note
-------+----------+-------------------------------------------
     0 | D:1      | Ofeo the Minotaur Fighter began the quest for the Orb.
     0 | D:1      | Reached XP level 1. HP: 19/19 MP: 0/0
   115 | D:1      | Reached XP level 2. HP: 27/27 MP: 1/1
   529 | D:1      | Reached XP level 3. HP: 32/33 MP: 2/2
   769 | D:2      | Reached XP level 4. HP: 16/41 MP: 3/3
  1223 | D:2      | Found a faded altar of an unknown god.
  1794 | D:4      | Found Miafib's Antique Armour Shop.
  2126 | D:5      | Entered Level 5 of the Dungeon
  2141 | D:5      | Reached XP level 5. HP: 39/47 MP: 4/4
  2155 | D:5      | Found an ornate altar of the Wu Jian Council.
  2161 | D:5      | HP: 2/47 [iguana (12)]
  2174 | D:5      | Reached skill level 5 in Fighting
  2370 | D:5      | Found a broken altar of Ashenzari.
  2444 | D:5      | Noticed an ogre
  2447 | D:5      | Noticed Duvessa
  2450 | D:5      | Reached skill level 5 in Armour
  2450 | D:5      | Reached skill level 5 in Shields
  2450 | D:5      | Killed an ogre
  2451 | D:5      | Reached XP level 6. HP: 38/56 MP: 5/5
  2468 | D:5      | Killed Duvessa
  2490 | D:5      | Noticed Dowan
  2498 | D:5      | Killed from afar by Dowan

Illustrated notes

Levels and vault maps discovered:
D:1:      dpeg_arrival_arbitrary_c, layout_basic, serial_bayou_pond_c,
          minmay_pentomino_x4
D:2:      layout_basic, basic_altar, serial_shops, shop,
          chequers_ecumenical_altar_simple, minivault_5, uniq_robin
D:3:      layout_basic, mainiacjoe_overflow_catch_the_wave, serial_glass,
          glass_columns_a, glass_columns_c, glass_columns_b, glass_columns_c,
          glass_columns_b, lightli_sewer_entry_pipes, minivault_26, uniq_sigmund
D:4:      layout_loops_ring, serial_shops,
          nicolae_shop_competitors_out_of_business
D:5:      layout_basic, lemuel_doored_altar,
          mainiacjoe_overflow_large_starburst, enter_ossuary_1, uniq_duvessa

Skill      XL: |  1  2  3  4  5 |
---------------+----------------+-----
Fighting       | 4 5 |  5.5
Shields        | 4 5 |  5.5
Armour         | 4 5 |  5.5
Axes           | 3 4 |  4.7

Action                   |  1- 3 |  4- 6 || total
-------------------------+-------+-------++-------
Melee: War axe           |    59 |     9 ||    68
       Headbutt          |     9 |     5 ||    14
       Hand axe          |       |    63 ||    63
Throw: Javelin           |       |     2 ||     2
Evoke: Wand              |       |     1 ||     1
  Use: Scroll            |       |     6 ||     6
       Potion            |       |     6 ||     6
Armor: Scale mail        |    14 |       ||    14
       Chain mail        |    24 |    15 ||    39
       Steam dragon scal |       |    11 ||    11
       Skin              |       |     3 ||     3
Dodge: Dodged            |    28 |    28 ||    56
Block: Buckler           |     8 |    15 ||    23
